[Event "Early-Titled-Tuesday-Blitz-October-17-2023"]
[Site "Chess.com"]
[Date "2023.10.17"]
[Round "7"]
[White "crazy_m_attack"]
[Black "LeoLV10"]
[Result "0-1"]
[WhiteElo "2436"]
[BlackElo "2588"]
[TimeControl "180+1"]
[EndTime "9:22:20 PDT"]
[Termination "LeoLV10 won by checkmate"]

1. e4 c6 2. d4 d5 3. Nc3 dxe4 4. Nxe4 Nf6 5. Nxf6+ exf6 6. Bc4 Bd6 7. Qe2+ Be7 8. Nf3 O-O 9. O-O Bd6 10. c3 Re8 11.
Be3 Nd7 12. Rad1 Nf8 13. Qd2 Bg4 14. Be2 Qc7 15. h3 Bh5 16. c4 Qd7 17. c5 Bc7 18. d5 cxd5 19. Qxd5 Qxd5 20. Rxd5 Bg6 21. Bb5 Be4 22.
Rd4 Re7 23. Rfd1 a6 24. Ba4 h6 25. Nd2 Bf5 26. Nc4 Ne6 27. Rd7 Rxd7 28. Rxd7 Nxc5 29. Bxc5 Bxd7 30. Bxd7 Rd8 31. Bg4 b5 32. Ne3 Be5 33.
b4 Rd3 34. g3 Ra3 35. Bf3 Rxa2 36. Nd5 f5 37. Ne7+ Kh7 38. Nxf5 g6 39. Nd6 Bxd6 40.
Bxd6 a5 41. bxa5 Rxa5 42. Bd5 Kg8 43. Bb4 Ra4 44. Be7 Rd4 45. Bb3 Rd3 46. Ba2 Rd7 47. Bb4 Ra7 48. Bb3 Ra1+ 49. Kg2 Rb1 50. Bc5 Rxb3 51.
f3 Rc3 52. Bb4 Rc4 53. Bd6 b4 54. g4 b3 55. Be5 b2 56. Kg3 Rc2 57. Bxb2 Rxb2 58.
f4 Rb3+ 59. Kh4 g5+ 60. fxg5 hxg5+ 61. Kxg5 Rxh3 62. Kf5 Kg7 63. Kf4 Kg6 64. g5 Rh4+ 65.
Ke5 Ra4 66. Kd6 Kxg5 67. Ke5 Ra6 68. Kd4 f5 69. Ke3 Ra3+ 70. Kf2 Kf4 71. Ke2 Rb3 72. Kd2 Re3 73. Kc2 Re8 74. Kd2 Kg3 75. Kd1 f4 76.
Kd2 f3 77. Kd3 f2 78. Kd4 f1=Q 79. Kd5 Qf7+ 80. Kc5 Rc8+ 81. Kd4 Rd8+ 82. Ke4 Qe6# 0-1

[Event "Early-Titled-Tuesday-Blitz-October-17-2023"]
[Site "Chess.com"]
[Date "2023.10.17"]
[Round "7"]
[White "rachidhuilda"]
[Black "Deadmold"]
[Result "1/2-1/2"]
[WhiteElo "2319"]
[BlackElo "2195"]
[TimeControl "180+1"]
[EndTime "9:22:21 PDT"]
[Termination "Game drawn - insufficient material"]

1. d4 d5 2. Nf3 e6 3. e3 c5 4. Bd3 Nc6 5. b3 Nf6 6. Bb2 cxd4 7. exd4 Bd6 8. O-O O-O 9. Nbd2 Nb4 10. Be2 Ne4 11.
c3 Nc6 12. c4 f5 13. Ne5 Nxe5 14. dxe5 Bc5 15. cxd5 exd5 16. Nf3 Be6 17. Bd4 Ba3 18. Ne1 Rc8 19. Nd3 Nc3 20. Qd2 Nxe2+ 21. Qxe2 Qd7 22.
Nf4 Rc6 23. Qb5 a6 24. Qd3 Rfc8 25. Rfd1 Bc1 26. Be3 Bxe3 27. fxe3 Rc3 28. Qd4 Rc2 29.
Nxe6 Qxe6 30. Qxd5 Qxd5 31. Rxd5 Re2 32. Rad1 Rcc2 33.
Rd8+ Kf7 34. R8d7+ Ke6 35. Rxg7 Kxe5 36. h4 Rxa2 37.
Rdd7 Rxe3 38. Rxb7 Re1+ 39. Kh2 Ree2 40. Kh3 Rab2 41. Rbe7+ Kf4 42. Rxe2 Rxe2 43. Rxh7 Rb2 44. Rf7 Rxb3+ 45. Kh2 a5 46. h5 Kg5 47. h6 Kxh6 48. Rxf5 a4 49. Ra5 a3 50. g3 Kg6 51. Kh3 Kh6 52. Kh4 Rc3 53. g4 Kg6 54. Ra6+ Kg7 55. Kg5 Kg8 56. Kh5 a2 57. Rxa2 Rc6 58.
g5 Rb6 59. Rf2 Ra6 60. Rf5 Rb6 61. Re5 Ra6 62. Rf5 Rb6 63. Rf6 Rxf6 64. gxf6 Kf7 65.
Kg5 Kf8 66. Kf5 Kf7 67. Kg5 Kf8 68. Kg6 Kg8 69. Kg5 Kf7 70. Kf4 Kxf6 1/2-1/2

[Event "Early-Titled-Tuesday-Blitz-October-17-2023"]
[Site "Chess.com"]
[Date "2023.10.17"]
[Round "7"]
[White "Nuvas"]
[Black "Krakozia"]
[Result "0-1"]
[WhiteElo "2827"]
[BlackElo "3019"]
[TimeControl "180+1"]
[EndTime "9:22:23 PDT"]
[Termination "Krakozia won by resignation"]

1. d4 d5 2. c4 e6 3. Nc3 Nf6 4.
cxd5 exd5 5. Bg5 c6 6. e3 h6 7. Bh4 Be7 8. Bd3 O-O 9. Nge2 Ne8 10. Bg3 Nd6 11. Qc2 a5 12. O-O Re8 13. Rae1 Na6 14. a3 Bf8 15. Nc1 Nc7 16. f3 Ne6 17. Nb3 b5 18.
Kh1 a4 19. Nc5 Nc4 20. Bxc4 dxc4 21. Nxe6 Bxe6 22. Rd1 Qa5 23. e4 b4 24. axb4 Qxb4 25.
d5 cxd5 26. Nxd5 Bxd5 27. Rxd5 Qb3 28. Rc1 Rec8 29. Rd4 c3 30. bxc3 Ba3 31. Qxb3 axb3 32. Rb1 Rxc3 33. Rdd1 b2 34. Be5 Rc1 35. h4 Rxd1+ 36.
Rxd1 Rc8 37. Kh2 Rc1 38. Rd8+ Kh7 39. Bxb2 Bxb2 40. Rd7 Be5+ 41. Kh3 h5 42. g3 f6 43. f4 Bc7 44. Rd5 Kg6 45. Rd3 Rc2 46. Re3 Bb6 47. Rb3 Bg1 48. g4 hxg4+ 49. Kxg4 Rg2+ 50. Kh3 Rh2+ 51. Kg3 Rc2 52. Kh3 Bf2 53. Kg4 Kh6 54. Rb8 Kh7 55. Rb3 Rc4 56. Kf3 Bxh4 57. Rb5 Be1 58.
Rb1 Ba5 59. Rh1+ Kg8 60. Rg1 Bc7 61. Rg2 Rc3+ 62. Kg4 Kf7 63. Rd2 Rc4 64. Kf3 Ke7 65.
Rg2 Rc3+ 66. Kg4 g6 67. Rh2 Ke6 68. f5+ gxf5+ 69. exf5+ Kd5 70. Rd2+ Ke4 71. Rd7 Rg3+ 72. Kh4 Be5 0-1

[Event "Early-Titled-Tuesday-Blitz-October-17-2023"]
[Site "Chess.com"]
[Date "2023.10.17"]
[Round "7"]
[White "PeshkaCh"]
[Black "Russian_berezka"]
[Result "1-0"]
[WhiteElo "2820"]
[BlackElo "2678"]
[TimeControl "180+1"]
[EndTime "9:22:31 PDT"]
[Termination "PeshkaCh won by resignation"]

1. Nf3 Nf6 2. d4 d5 3. c4 e6 4. Nc3 Bb4 5. cxd5 exd5 6. Bg5 h6 7. Bxf6 Qxf6 8. Qa4+ Nc6 9. e3 O-O 10. Be2 Be6 11.
O-O a6 12. a3 Bd6 13. Rac1 Ne7 14. Qc2 g5 15. e4 Bf4 16. Rce1 g4 17. Ne5 h5 18. g3 Bxe5 19. dxe5 Qxe5 20. exd5 Bf5 21. Bd3 Qf6 22. Bxf5 Qxf5 23. Qxf5 Nxf5 24. Re5 Ng7 25. Re7 Rac8 26. d6 cxd6 27. Rxb7 Rb8 28. Rxb8 Rxb8 29. b4 a5 30. Rb1 axb4 31. axb4 Ne6 32. Ne4 Rb6 33. Nf6+ Kg7 34. Nd5 Rb5 35. Nc3 Rb6 36. b5 Nc7 37. Rd1 d5 38. Nxd5 Rd6 39. b6 Nxd5 40. b7 Rb6 41. Rxd5 Rxb7 42. Rxh5 Rb4 43. Kg2 Kg6 44. Rc5 f5 45. h3 gxh3+ 46. Kxh3 Ra4 47.
Rc6+ Kg5 48. f4+ Kh5 49. Rc5 Kg6 50. Kh4 Ra6 51. Rc8 Re6 52. Rg8+ Kh6 53. Rg5 Rf6 54. Kh3 Rf7 55. Kg2 Rf6 56. Kf3 Rf7 57. Ke3 Rf6 58.
Kd4 Rf8 59. Ke5 Re8+ 60. Kxf5 Re1 61. Rg6+ Kh7 62. Ra6 Rc1 63. Kg5 Rc5+ 64. f5 Kg7 65. Ra7+ Kf8 66. Kg6 Rc3 67. g4 Rc8 68. f6 Kg8 69.
Rg7+ Kh8 70. Rh7+ Kg8 71. f7+ Kf8 72. Rh8+ 1-0

[Event "Early-Titled-Tuesday-Blitz-October-17-2023"]
[Site "Chess.com"]
[Date "2023.10.17"]
[Round "7"]
[White "DanyKopy"]
[Black "pirulillo"]
[Result "1-0"]
[WhiteElo "2536"]
[BlackElo "2341"]
[TimeControl "180+1"]
[EndTime "9:22:34 PDT"]
[Termination "DanyKopy won on time"]

1. e4 c5 2. Nf3 e6 3. g3 d5 4.
exd5 exd5 5. d4 Nc6 6. Bg2 Nf6 7. O-O h6 8. Re1+ Be7 9. dxc5 O-O 10. Be3 Ne4 11. c4 dxc4 12. Nbd2 Nxc5 13. Nxc4 Be6 14. Nfe5 Nxe5 15. Nxe5 Rc8 16. b4 Qxd1 17. Rexd1 Na4 18. Bxb7 Rb8 19. Bf3 Bf6 20. Nc6 Bxa1 21. Nxb8 Rxb8 22. Rxa1 Rxb4 23. Bxa7 Nc3 24. a3 Ra4 25.
Bc5 Bd5 26. Bxd5 Nxd5 27. Rd1 Nc3 28. Rd8+ Kh7 29. Rd7 Kg6 30. Ra7 Rc4 31. Bb4 Nd5 32.
Bd6 Rc2 33. a4 Nc3 34. a5 Nb5 35. Ra6 f6 36. Bf4 Ra2 37. Ra8 Kf5 38. a6 g5 39.
Bb8 g4 40. Bf4 Nd4 41. h3 Nf3+ 42. Kg2 h5 43. hxg4+ hxg4 44. Rc8 Ra1 45. Rc5+ Kg6 46. Rc1 Rxa6 47. Kf1 Ra2 48. Be3 f5 49. Rc6+ Kf7 50.
Rc5 Ra1+ 51. Ke2 Re1+ 52. Kd3 Rd1+ 53. Ke2 Re1+ 54. Kd3 Rb1 55. Rxf5+ Kg6 56. Rf4 Rd1+ 57. Kc2 Rf1 58. Rxg4+ Kh5 59. Rf4 Ne1+ 60. Kd2 Ng2 61. Rf5+ Kg4 62. Rf8 Nxe3 63. Kxe3 Re1+ 64. Kd2 Re6 65.
Kd3 Re7 66. Rf4+ Kg5 67. Re4 Rd7+ 68. Ke3 Ra7 69. Re5+ Kg4 70. Re4+ Kg5 71. Kf3 Ra3+ 72. Re3 1-0

[Event "Early-Titled-Tuesday-Blitz-October-17-2023"]
[Site "Chess.com"]
[Date "2023.10.17"]
[Round "7"]
[White "Shuvalov"]
[Black "zsoltkorpics"]
[Result "0-1"]
[WhiteElo "2493"]
[BlackElo "2351"]
[TimeControl "180+1"]
[EndTime "9:22:36 PDT"]
[Termination "zsoltkorpics won on time"]

1. d4 Nf6 2. c4 e6 3. Nc3 Bb4 4. e3 O-O 5. a3 Be7 6. e4 c5 7.
d5 exd5 8. cxd5 d6 9. Bd3 a6 10. h3 b5 11. Nf3 Nbd7 12. O-O Re8 13. Bf4 Bf8 14. Qd2 c4 15. Bc2 Nc5 16. Rfe1 Bb7 17. Nd4 g6 18. Rad1 Bg7 19. Bg5 Qb6 20. Nc6 Nfd7 21.
Qf4 Ne5 22. Nxe5 Bxe5 23. Qe3 a5 24. f4 Bg7 25. Bh4 b4 26. Na4 Nxa4 27. Bxa4 Qxe3+ 28. Rxe3 Bxb2 29. Bxe8 Rxe8 30. axb4 axb4 31. Be1 c3 32.
Re2 Ba6 33. Rxb2 cxb2 34. Rb1 Rxe4 35. Bd2 Bc4 36. Rxb2 Bxd5 37. Kf2 b3 38. Be3 Ra4 39. g3 Ra1 40. Rd2 Rh1 41. Bd4 Be4 42. Ke3 Bc2 43. Bf6 Re1+ 44. Kf2 Re6 45. Bb2 Kf8 46. Ba3 Ke7 47.
h4 h5 48. Re2 Kd7 49. Rxe6 Kxe6 50. Ke3 d5 51. Bb2 Kf5 52. Bd4 Kg4 53. Kf2 Be4 54. Bb2 Kf5 55. Ke3 Ke6 56. Kd4 Kd6 57. Ba3+ Kc6 58. Bb2 Kb5 59. Bc3 Ka4 60. Bb2 Kb4 61. Ke3 Kc4 62. Kd2 d4 63. Ba3 Bf5 64. Bb2 Kd5 65. Ke2 Ke4 66. Ba1 Bg4+ 67. Kd2 Kf3 68.
Bxd4 Kxg3 69. Bf6 Kxf4 0-1

[Event "Early-Titled-Tuesday-Blitz-October-17-2023"]
[Site "Chess.com"]
[Date "2023.10.17"]
[Round "7"]
[White "wqws"]
[Black "esrosenberg"]
[Result "0-1"]
[WhiteElo "2632"]
[BlackElo "2430"]
[TimeControl "180+1"]
[EndTime "9:22:37 PDT"]
[Termination "esrosenberg won by resignation"]

1. e4 e5 2. Nf3 Nc6 3. Bb5 Nf6 4. O-O Nxe4 5. Re1 Nd6 6. Nxe5 Be7 7. Bf1 Nxe5 8. Rxe5 O-O 9. d4 Bf6 10. Re1 Nf5 11.
c3 d5 12. Bf4 c6 13. Nd2 Re8 14. Rxe8+ Qxe8 15. Bd3 Be6 16. Qc2 g6 17. Nf3 Ng7 18.
Re1 Qd7 19. Ne5 Qc8 20. Qd2 Bf5 21. Bf1 Ne6 22. Be3 Ng7 23. f3 a5 24. g4 Be6 25.
Nd3 a4 26. Bg5 Bxg5 27. Qxg5 a3 28. b4 b6 29. h4 Qd8 30. Kf2 Qd6 31. Qe5 Ne8 32.
Qxd6 Nxd6 33. Ne5 Rc8 34. Ba6 Rc7 35. Be2 b5 36. Nd3 Nc4 37. Nc5 Re7 38. Bxc4 dxc4 39. Nxe6 fxe6 40. Kg3 Kf7 41. Kf4 h6 42. Ke5 Rd7 43.
f4 Rd5+ 44. Ke4 Kf6 45. Kf3 h5 46. gxh5 Rxh5 47. Kg4 Rh8 48. Re5 Rd8 49. Rc5 Rc8 50. Kf3 Rc7 51. Re5 Rh7 52. Kg4 Rh8 53. Re1 Rh7 54. Rh1 Rh5 55. Rg1 Kf7 56. Re1 Kf6 57. Re5 Rh7 58. Kg3 Rh8 59. Rg5 Rh7 60. Rg4 Rh8 61. Rg5 Rh7 62. Kg4 Rh8 63. Rc5 Rc8 64. Kf3 Rc7 65. Re5 Rh7 66. Kg3 Rh8 67. Re2 Rh5 68. Rh2 Kf5 69. Kf3 Rh7 70. Rh1 Rh5 71. Kg3 Ke4 72. Re1+ Kd3 73. Rxe6 Kxc3 74.
Rxg6 Kb2 75. Kg4 Rh8 76. Rxc6 Kxa2 77. f5 Kb2 78. f6 a2 79. Ra6 a1=Q 80. Rxa1 Kxa1 81.
d5 c3 82. d6 c2 83. f7 c1=Q 84. d7 0-1

[Event "Early-Titled-Tuesday-Blitz-October-17-2023"]
[Site "Chess.com"]
[Date "2023.10.17"]
[Round "7"]
[White "Anton_Demchenko"]
[Black "AvitalBor"]
[Result "0-1"]
[WhiteElo "3010"]
[BlackElo "2846"]
[TimeControl "180+1"]
[EndTime "9:22:41 PDT"]
[Termination "AvitalBor won by resignation"]

1. e4 e6 2. d4 d5 3. Nd2 c5 4.
exd5 exd5 5. Ngf3 Nf6 6. Bb5+ Bd7 7.
Bxd7+ Nbxd7 8. O-O Be7 9. dxc5 Nxc5 10. Nb3 Nce4 11. Nfd4 Nd6 12. Nc5 O-O 13. Nd3 Re8 14. c3 Qb6 15. Qb3 Nc4 16. Qxb6 axb6 17. a3 Ne4 18. f3 Nc5 19. Nb4 Rad8 20. Rd1 Bf6 21.
Nbc2 Na4 22. Rb1 g6 23. Kf2 h5 24. g3 Rd7 25. Re1 Rxe1 26. Kxe1 Nc5 27. Nb4 Bxd4 28.
cxd4 Nb3 29. Bf4 Nxd4 30. Kf2 Nb3 31. Rd1 d4 32. Nd3 f6 33. h4 Kf7 34. Nb4 Nc5 35. Bc1 d3 36. Be3 Nxb2 37. Rd2 Nc4 38. Rd1 Nxa3 39.
Bxc5 bxc5 40. Nxd3 Kg7 41. Ke2 c4 42. Nc5 Rxd1 43. Kxd1 b5 44. Na6 c3 45. Nb4 g5 46.
Nd5 gxh4 47. gxh4 c2+ 48. Kc1 Kg6 49. Kb2 Kf5 50. Kc1 Ke5 51. Nb4 Kf4 52. Nd5+ Ke5 53. Nb4 Kd4 54. Kd2 Kc4 55. Nc6 b4 56. Na5+ Kb5 57. Nb3 Kc4 58. Na5+ Kd5 59. Nb3 Ke5 60. Nc5 Kf4 61. Ne4 b3 62. Kc1 f5 63. Nf6 Kxf3 64. Nxh5 Kg4 65. Ng7 Nb5 66. h5 Nd4 67.
h6 Ne2+ 68. Kd2 c1=Q+ 69. Kxe2 Qxh6 70. Ne8 Qe6+ 71. Kd3 Qxe8 0-1

[Event "Early-Titled-Tuesday-Blitz-October-17-2023"]
[Site "Chess.com"]
[Date "2023.10.17"]
[Round "7"]
[White "The_Machine04"]
[Black "HajiyevKanan"]
[Result "1-0"]
[WhiteElo "2698"]
[BlackElo "2546"]
[TimeControl "180+1"]
[EndTime "9:22:46 PDT"]
[Termination "The_Machine04 won on time"]

1. d4 d5 2. Nf3 c5 3. e3 cxd4 4.
exd4 Nc6 5. c3 Bg4 6. Nbd2 e6 7. Bb5 Bd6 8. Qa4 Ne7 9. Ne5 Bxe5 10. dxe5 Bf5 11. Nf3 O-O 12. O-O Qc7 13. Qf4 Ng6 14.
Qg3 Ncxe5 15. Nd4 Qb6 16. h4 h5 17. Be2 Bg4 18. f3 Bf5 19. Kh2 Qd8 20. Nxf5 exf5 21.
Bg5 f6 22. Be3 Kh7 23. Rfe1 Re8 24. Bd4 f4 25. Qh3 Qc8 26. Rad1 Qxh3+ 27. Kxh3 b6 28. Bb5 Red8 29. Ba4 Rac8 30. Bc2 Kh6 31. Bf5 Rc7 32. a4 Nc4 33. b3 Nce5 34. a5 b5 35. b4 Nc4 36. Re6 Ne7 37. Bb1 Ng6 38. g3 Rd6 39. Re8 Rcd7 40. gxf4 Nxf4+ 41. Kg3 Ne6 42. Bf2 g6 43.
Re1 Nc7 44. R8e7 Rxe7 45. Rxe7 Ne6 46. Rxa7 f5 47. f4 d4 48. cxd4 Nxd4 49. a6 Nc6 50. Ra8 Nxb4 51. a7 Ra6 52. Rh8+ Kg7 53. a8=Q Rxa8 54. Rxa8 Nd2 55. Bd4+ Kf7 56. Ra1 Ne4+ 57. Bxe4 fxe4 58. Rb1 Nc2 59. Bc3 b4 60. Bxb4 Ke6 61.
Bd2 Nd4 62. Kf2 Nf5 63. Rb6+ Kf7 64. Rb7+ Ke6 65. Rb5 Nxh4 66. Re5+ Kf6 67. Rxe4 Nf5 68. Bc3+ Kf7 69. Ra4 Nd6 70. Ra7+ Ke6 71. Ra6 Kd5 72. Be5 Ne4+ 73. Ke3 Nc5 74. Rxg6 Ne6 75. Rh6 Nc5 76.
Rxh5 Ke6 77. Bd4 Nd7 78. Ke4 Nf8 79. Rh6+ Kf7 80. f5 Ke7 81. Bc5+ Kf7 82. Bxf8 Kxf8 83. Rh7 Kg8 84. Ra7 Kf8 85. Ke5 Ke8 86. Kf6 Kd8 87. Ke6 Kc8 88. Kd6 Kb8 89. Rc7 Ka8 90. Kc6 Kb8 91.
Kb6 Ka8 92. f6 Kb8 93. f7 1-0

[Event "Early-Titled-Tuesday-Blitz-October-17-2023"]
[Site "Chess.com"]
[Date "2023.10.17"]
[Round "7"]
[White "adotand"]
[Black "carokannlover213"]
[Result "0-1"]
[WhiteElo "2846"]
[BlackElo "2734"]
[TimeControl "180+1"]
[EndTime "9:22:47 PDT"]
[Termination "carokannlover213 won by resignation"]

1. d4 Nf6 2. c4 e6 3. Nc3 d5 4. cxd5 exd5 5. Bf4 Bd6 6. Bxd6 Qxd6 7. e3 O-O 8. Bd3 Bg4 9. Nge2 Bh5 10. Qc2 Bg6 11. Ng3 Bxd3 12. Qxd3 c6 13. h4 a5 14.
h5 Na6 15. a3 b5 16. Nce2 Rab8 17. f3 c5 18. Kf2 c4 19. Qf5 Qe6 20. Qf4 b4 21. a4 b3 22. Nf5 Nb4 23. Qg5 Ne8 24. Nf4 Qf6 25. Qg4 Kh8 26. Rh3 h6 27. Kg1 c3 28. bxc3 Nc2 29. Rb1 Na3 30. Rb2 Nc4 31. Nxd5 Qg5 32. Qxg5 hxg5 33. Rb1 b2 34. Kf2 g4 35.
Rhh1 Nd2 36. fxg4 Nxb1 37. Rxb1 g6 38. Ng3 gxh5 39. gxh5 Nd6 40. Nc7 Rb3 41. Ne2 Nc4 42.
Nb5 Nd2 43. Rxb2 Rxb2 44. d5 Nc4 45. Kf3 Rd8 46. Nf4 Ne5+ 47. Ke4 Nc4 48. Kd4 Nb6 49.
c4 Rd2+ 50. Kc3 Rd1 51. Kc2 Re1 52. Kd3 Nxc4 53. Kxc4 Rxe3 54. Nd4 Ra3 55. Kb5 Kg7 56. Nc6 Rd7 57. Kxa5 Kf6 58. Kb5 Kf5 59. Ne2 Rxd5+ 60. Kc4 Rd6 61. Ned4+ Kg5 62. a5 Ra4+ 63. Kc5 Rdxd4 64.
Nxd4 Rxa5+ 65. Kc4 Kxh5 66. Kd3 Kg4 67. Ne2 Ra3+ 68.
Kd2 Ra2+ 69. Ke1 f5 70. Kf2 Kg5 71. Kf3 Kf6 72. Nf4 Ke5 73. Nd3+ Kd4 74. Nf4 Ra3+ 75. Kf2 Ke4 76. Ne2 Ra2 77. g3 Kd3 0-1

[Event "Early-Titled-Tuesday-Blitz-October-17-2023"]
[Site "Chess.com"]
[Date "2023.10.17"]
[Round "7"]
[White "ErikRonka"]
[Black "Kirill_Klukin"]
[Result "0-1"]
[WhiteElo "2499"]
[BlackElo "2670"]
[TimeControl "180+1"]
[EndTime "9:22:48 PDT"]
[Termination "Kirill_Klukin won by checkmate"]

1. e4 c5 2. Nf3 g6 3. d4 cxd4 4.
Nxd4 Bg7 5. Nc3 Nc6 6. Be3 Nf6 7. Bc4 O-O 8. Bb3 Re8 9. h4 e6 10. h5 Nxh5 11. Qd2 d5 12. Nxc6 bxc6 13. O-O-O a5 14. a4 Nf6 15. f3 Rb8 16. g4 e5 17.
g5 Nh5 18. exd5 cxd5 19. Bxd5 Be6 20. Bxe6 Qxd2+ 21. Rxd2 Rxe6 22. Ne4 f5 23. gxf6 Nxf6 24.
Ng5 Rc6 25. Rhd1 Bf8 26. Rd8 Rcc8 27. Rxc8 Rxc8 28. Ne6 Kf7 29. Ng5+ Kg8 30. Ne6 Rc6 31. Nd8 Ra6 32. c3 Be7 33. Nb7 Kf7 34. Nc5 Rc6 35. Nd3 Ke6 36. Kb1 Nd5 37. Bc1 h5 38.
Rg1 Kf5 39. Nf2 Nf4 40. Ne4 g5 41. Ng3+ Kg6 42. Rh1 h4 43. Ne4 Rc8 44. Kc2 Rh8 45.
Rg1 h3 46. Rh1 Kf5 47. Ng3+ Ke6 48. Be3 Nd5 49. Bd2 Nf4 50. Nf1 Kf5 51. Nh2 e4 52.
fxe4+ Kxe4 53. Ng4 Kf5 54. Nf2 Bd6 55. Bxf4 Bxf4 56.
Rxh3 Rxh3 57. Nxh3 Be3 58. Kd3 Bc1 59. b4 g4 60. Ng1 axb4 61. cxb4 Ba3 62. b5 Bc5 63. Ne2 Bb6 64. Kc4 Ke4 65. Ng3+ Kf3 66. Nf5 Kf4 67. Nh4 g3 68. Kd5 Bd8 69. Ng2+ Kf3 70. Ne1+ Kf2 71. Nd3+ Ke3 72. Ne5 g2 73. Nc4+ Ke2 74. Kd6 g1=Q 75.
Kd7 Qg4+ 76. Kc6 Qxc4+ 77. Kb7 Qxa4 78. b6 Qa5 79. Kc8 Qxb6 80. Kd7 Qc7+ 81. Ke8 Qe7# 0-1

[Event "Early-Titled-Tuesday-Blitz-October-17-2023"]
[Site "Chess.com"]
[Date "2023.10.17"]
[Round "7"]
[White "Bala-Afiada"]
[Black "dianamirza"]
[Result "1/2-1/2"]
[WhiteElo "1906"]
[BlackElo "1987"]
[TimeControl "180+1"]
[EndTime "9:22:51 PDT"]
[Termination "Game drawn by stalemate"]

1. d4 d5 2. c4 c6 3. Nf3 Nf6 4. g3 Bf5 5. Bg2 e6 6. O-O Be7 7. Nc3 O-O 8. cxd5 exd5 9. Bg5 h6 10. Bxf6 Bxf6 11. e3 Nd7 12. Rc1 g6 13. b4 Bg7 14.
b5 Rc8 15. bxc6 bxc6 16. Qa4 Nb6 17. Qxa7 Ra8 18. Qb7 Bd7 19. Ne5 Bxe5 20. dxe5 Nc4 21. Rfd1 Nxe5 22. Nxd5 cxd5 23. Bxd5 Qa5 24. Qb2 Ng4 25.
Bxa8 Qf5 26. Bg2 Ne5 27. Qe2 Qf6 28. Rd2 Bg4 29. Qf1 Bf3 30. Rdc2 Qg5 31. Bxf3 Nxf3+ 32. Kg2 Qh5 33. Qh1 Kg7 34. h3 Rd8 35. Rc8 Rd2 36. R8c2 Rd6 37. Qf1 Ng5 38. h4 Qf3+ 39. Kh2 Ne4 40.
Qg2 Qf6 41. Qxe4 Re6 42. Qg2 Qf5 43. Rc6 Re5 44. R6c5 Rxc5 45. Rxc5 Qxc5 46. Qf3 Qa3 47. Qe2 h5 48. Kg2 Qa8+ 49. e4 Qa7 50. f3 Qa3 51.
Kf2 Qa7+ 52. Qe3 Qxa2+ 53. Qe2 Qe6 54. Ke3 Qh3 55. Qf2 Qe6 56. f4 Qb6+ 57. Ke2 Qb2+ 58. Kf3 Qc3+ 59. Kg2 Qd3 60. e5 Qe4+ 61. Qf3 Qc2+ 62.
Kh3 Qc1 63. Qg2 Qe3 64. Kh2 Qd4 65. Qe2 Qd7 66. Qb2 Qf5 67. e6+ Kf8 68. Qb8+ Ke7 69.
Qc7+ Kxe6 70. Qc8+ Kf6 71. Qxf5+ Kxf5 72. Kg2 Kg4 73. Kf2 Kh3 74. Kf3 f5 75. Kf2 Kh2 76.
Kf3 Kh3 77. Kf2 Kg4 78. Kg2 g5 79. fxg5 f4 80. g6 fxg3 81. g7 Kxh4 82. g8=Q 1/2-1/2

[Event "Early-Titled-Tuesday-Blitz-October-17-2023"]
[Site "Chess.com"]
[Date "2023.10.17"]
[Round "7"]
[White "GP9isback23"]
[Black "Byniolus"]
[Result "1-0"]
[WhiteElo "2678"]
[BlackElo "2787"]
[TimeControl "180+1"]
[EndTime "9:23:08 PDT"]
[Termination "GP9isback23 won by resignation"]

1. d4 d6 2. Nf3 Bg4 3. e3 Nf6 4. Be2 Nbd7 5. O-O e5 6. c4 c6 7. Nc3 Be7 8. b3 O-O 9. Bb2 a6 10. Rc1 Re8 11. h3 Bh5 12. b4 exd4 13. Nxd4 Bg6 14.
a3 h6 15. Qd2 Bf8 16. Rfd1 Qc7 17. Bd3 Bxd3 18. Qxd3 g6 19. Nf3 a5 20. Nb1 axb4 21. axb4 Qb6 22. Qc3 Ra4 23. Ba3 Rea8 24. Qb3 d5 25. cxd5 Nxd5 26. e4 N5f6 27. e5 Nd5 28.
Rxd5 cxd5 29. Qxd5 Qe6 30. Qxb7 R4a7 31. Qe4 Rxa3 32.
Nxa3 Rxa3 33. Rc6 Qe8 34. e6 Nf6 35. Qc4 Ra4 36. exf7+ Qxf7 37. Qb5 Rxb4 38. Qe5 Re4 39. Qxf6 Qxf6 40. Rxf6 Kg7 41. Ra6 Re7 42. g3 h5 43. Nh4 Re1+ 44. Kg2 g5 45. Rg6+ Kh7 46. Rxg5 Kh6 47. Rf5 Be7 48. Nf3 Rd1 49. h4 Kg6 50. Ra5 Rb1 51. Ra2 Rb5 52. Re2 Bf6 53. Nd2 Rb2 54. Kf3 Ra2 55. Ne4 Ra3+ 56. Re3 Ra4 57. Nxf6 Kxf6 58. Re4 Ra2 59. Rf4+ Kg6 60. Kg2 Ra1 61. Rf3 Ra2 62. Re3 Ra6 63. Re5 Ra3 64. Rg5+ Kh6 65. Rb5 Ra2 66. Rb4 Kg6 67. Rf4 Kh6 68. Kh3 Ra1 69. f3 Ra3 70. Kg2 Ra2+ 71. Kf1 Ra1+ 72. Kf2 Ra2+ 73. Kg1 Ra1+ 74. Kh2 Ra2+ 75. Kh3 Ra3 76. Rf6+ Kg7 77. Rf5 Kg6 78. Rg5+ Kh6 79. Rf5 Kg6 80. Rf4 Ra2 81. g4 Ra3 82. g5 Ra1 83. Rf6+ Kg7 84. Rh6 Rh1+ 85.
Kg3 Rg1+ 86. Kf4 Rh1 87. Rxh5 1-0

[Event "Early-Titled-Tuesday-Blitz-October-17-2023"]
[Site "Chess.com"]
[Date "2023.10.17"]
[Round "7"]
[White "vladgoncharov"]
[Black "djokovic74"]
[Result "0-1"]
[WhiteElo "2565"]
[BlackElo "2738"]
[TimeControl "180+1"]
[EndTime "9:23:14 PDT"]
[Termination "djokovic74 won by resignation"]

1. d4 e6 2. c4 Nf6 3. Nc3 Bb4 4. e3 O-O 5. Bd3 b6 6. Ne2 d5 7. O-O Bb7 8. a3 Be7 9. Ng3 Re8 10. cxd5 exd5 11. b4 Nbd7 12. Bb2 c5 13. dxc5 bxc5 14. Nf5 Bf8 15. bxc5 Nxc5 16. Bb5 Re5 17. Nd4 Bd6 18. h3 Rg5 19. f4 Rg6 20. Qe2 Nfe4 21. Nxe4 Nxe4 22.
Rf3 Rc8 23. Bd3 Bb8 24. Kh1 Qd7 25. Kh2 Rb6 26. Rc1 Rxc1 27. Bxc1 f6 28. Qc2 Bd6 29.
Bxe4 dxe4 30. Rf2 Bd5 31. Rd2 Bb8 32. Ne2 Qc6 33. Qxc6 Bxc6 34. Rd8+ Kf7 35. Bd2 Bc7 36. Rc8 Bd6 37. Bb4 Bd7 38. Rd8 Ke7 39. Ra8 Bxb4 40. axb4 Rxb4 41. Rxa7 Rb3 42. Nd4 Rd3 43. Kg1 Kd6 44. Kf2 Rd2+ 45. Kf1 Rd3 46. Ra6+ Kc7 47.
Ke2 Rxd4 48. Ra7+ Kb6 49. Ra8 Bb5+ 50. Kf2 Rd2+ 51. Kg3 Bf1 52. Rb8+ Kc7 53. Rf8 Rxg2+ 54. Kh4 Rg6 55. f5 Rh6+ 56. Kg3 Rxh3+ 57. Kf4 Bd3 58.
Rf7+ Kb6 59. Rxg7 Rf3+ 60. Kg4 Rxe3 61. Rxh7 Re1 62. Rh6 Kc5 63. Rxf6 Rg1+ 64. Kf4 Rf1+ 65. Ke3 Rf3+ 66. Kd2 Rf2+ 67. Ke3 Re2+ 68. Kf4 Bc4 69. Rf8 Kd4 70. Rd8+ Bd5 71. f6 Rf2+ 72. Kg3 Rxf6 73. Re8 e3 74. Kg4 Rf1 75. Kg5 Kd3 76. Re7 e2 77.
Re5 e1=Q 78. Rxd5+ Ke2 79. Re5+ Kf2 80. Rxe1 Rxe1 81.
Kf4 Re3 0-1

[Event "Early-Titled-Tuesday-Blitz-October-17-2023"]
[Site "Chess.com"]
[Date "2023.10.17"]
[Round "7"]
[White "Hrant_ChessMood"]
[Black "WPWPWP-2015"]
[Result "1/2-1/2"]
[WhiteElo "2922"]
[BlackElo "2575"]
[TimeControl "180+1"]
[EndTime "9:23:18 PDT"]
[Termination "Game drawn - insufficient material"]

1. e4 e5 2. Nf3 Nf6 3. d4 Nxe4 4. Bd3 d5 5. Nxe5 Nd7 6. O-O Nxe5 7. dxe5 Nc5 8. Nc3 Nxd3 9. Qxd3 c6 10. Qg3 Bf5 11. f4 g6 12. Qf2 d4 13. Ne2 Bc5 14.
c3 d3 15. Qxc5 dxe2 16. Re1 Bd3 17. Be3 Qd5 18. Qxd5 cxd5 19. Bd4 O-O 20. Kf2 h5 21. Ke3 Ba6 22. h3 Rfe8 23. Kd2 b6 24. g4 hxg4 25. hxg4 Kf8 26. a4 Ke7 27. a5 Bc4 28. axb6 axb6 29. Bxb6 Rxa1 30. Rxa1 Ke6 31. b3 Bxb3 32. Kxe2 Rh8 33.
Bd4 Rh2+ 34. Kf3 Rh3+ 35. Kg2 Rd3 36. f5+ gxf5 37. Ra6+ Kd7 38. gxf5 Bc2 39. Ra7+ Ke8 40. f6 Rd2+ 41. Kg3 Bg6 42. Re7+ Kd8 43. e6 fxe6 44.
Rg7 Bh5 45. f7 Bxf7 46. Rxf7 Re2 47. Rf2 Re4 48. Rd2 Kd7 49. Kf3 e5 50. Bf2 Ke6 51. Re2 Rf4+ 52. Kg3 Kf5 53. Be1 Rc4 54. Rf2+ Ke4 55.
Re2+ Kf5 56. Rf2+ Ke4 57. Rh2 d4 58. cxd4 exd4 59. Rh8 Kd3 60. Kf3 Rc7 61. Bg3 Rf7+ 62. Bf4 Rd7 63. Rc8 Rd5 64. Rc1 Rd7 65. Rd1+ Kc2 66.
Rd2+ Kc3 67. Rh2 d3 68. Bd2+ Kc4 69. Rh4+ Rd4 70. Rh8 Rd7 71. Rc8+ Kd4 72. Be3+ Ke5 73. Bf4+ Kd4 74. Be3+ Ke5 75. Re8+ Kd5 76. Kf2 Kc4 77. Ke1 Kd5 78. Kd2 Kc6 79. Re4 Rd5 80. Rh4 Kb5 81. Bd4 Kc4 82. Ke3 d2 83. Kxd2 Rxd4+ 84. Rxd4+ Kxd4 1/2-1/2